 Dungeon Crawl Stone Soup version 0.23-a0-241-g3b46b07 (webtiles) character file.

41160 grindst0ne the Warrior (level 13, -36/117 HPs)
             Began as a Mummy Gladiator on Sept 26, 2018.
             Was an Initiate of Gozag.
             Killed from afar by a fire dragon (75 damage)
             ... with a blast of flame
             ... on level 6 of the Lair of Beasts.
             The game lasted 00:50:09 (25986 turns).

grindst0ne the Warrior (Mummy Gladiator)           Turns: 25986, Time: 00:50:09

Health: -36/117    AC: 15    Str: 22    XL:     13   Next: 78%
Magic:  15/15      EV: 20    Int:  9    God:    Gozag
Gold:   1965       SH: 16    Dex: 24    Spells: 12/12 levels left

rFire    x . .     SeeInvis .   J - +1 eveningstar (drain)
rCold    + . .     Gourm    .   K - +2 shield
rNeg     + + +     Faith    +   u - +3 leather armour
rPois    ∞         Spirit   .   q - +1 hat
rElec    .         Reflect  .   i - +0 cloak
rCorr    .         Harm     .   E - +1 pair of gloves
MR       ++++.                  j - +0 pair of boots
Stlth    +++.......             G - amulet "Hughuoh" {Faith *Contam MR+++ Str+3 Slay+3}
HPRegen  0.29/turn              w - +4 ring of dexterity
MPRegen  0.14/turn              c - +2 ring of protection

@: agile, flying, hasted, very quick
A: no food or potions, fire vulnerability, cold resistance 1, negative energy
resistance 3, torment resistance, unbreathing, in touch with death 1
a: Potion Petition, Call Merchant, Bribe Branch, Renounce Religion


You were on level 6 of the Lair of Beasts.
You worshipped Gozag.
Gozag was most pleased with you.
You were not hungry.

You visited 3 branches of the dungeon, and saw 18 of its levels.
You also visited: Sewer and Bailey.

You collected 4563 gold pieces.
You spent 1458 gold pieces at shops.
You paid 1140 gold pieces to Gozag.

Inventory:

Hand Weapons
 a - a +2 dagger of venom
 f - a +1 executioner's axe of chopping
 z - a +2 quarterstaff of chaos
 J - a +1 eveningstar of draining (weapon)
Missiles
 d - 3 throwing nets (quivered)
 B - 8 javelins
Armour
 i - a +0 cloak (worn)
 j - a +0 pair of boots (worn)
 q - a +1 hat (worn)
 u - a +3 leather armour (worn)
 y - a +0 crystal plate armour
 E - a +1 pair of gloves (worn)
 K - a +2 shield (worn)
Jewellery
 c - a +2 ring of protection (right hand)
 k - an uncursed ring of wizardry
 s - an uncursed amulet of faith {unknown}
 w - a +4 ring of dexterity (left hand)
 G - the amulet "Hughuoh" (around neck) {Faith *Contam MR+++ Str+3 Slay+3}
   (You bought it in a shop on level 8 of the Dungeon)

   [amulet of faith]

   It allows you to gain divine favour quickly.
   It affects your strength (+3).
   It affects your accuracy and damage with ranged weapons and melee attacks
   (+3).
   It affects your resistance to hostile enchantments.
   It causes magical contamination when unequipped.
 H - an uncursed ring of see invisible
 L - an uncursed ring of flight {unknown}
 M - an uncursed ring of magical power {unknown}
Wands
 l - a wand of enslavement (16)
 r - a wand of paralysis (18)
 x - a wand of random effects (18)
 C - a wand of clouds (3)
 D - a wand of acid (6)
 I - a wand of iceblast (6)
Scrolls
 b - 4 scrolls of enchant weapon
 e - 7 scrolls of amnesia
 g - 5 scrolls of teleportation
 h - 2 scrolls of fog
 m - 6 scrolls of magic mapping
 n - 6 scrolls of remove curse
 p - 5 scrolls of immolation
 t - a scroll of fear
 v - a scroll of torment
 A - a scroll of holy word
 F - a scroll of silence {unknown}
Miscellaneous
 o - a phantom mirror


   Skills:
 - Level 16.0 Fighting
 + Level 6.4(7.3) Maces & Flails
 - Level 5.0(6.5) Staves
 - Level 1.5 Throwing
 - Level 10.0 Armour
 - Level 5.0 Dodging
 - Level 12.0 Shields
 + Level 2.7 Evocations


You had 12 spell levels left.
You didn't know any spells.
Your spell library contained the following spells:

 Spells                   Type           Power        Failure   Level  Hunger
 Animate Skeleton         Necr           N/A          56%         1    N/A
 Pain                     Necr           #...         56%         1    N/A
 Shock                    Conj/Air       #...         56%         1    N/A
 Sting                    Conj/Pois      #...         56%         1    N/A
 Poisonous Vapours        Pois/Air       #.....       71%         2    N/A
 Swiftness                Chrm/Air       #.......     71%         2    N/A
 Conjure Flame            Conj/Fire      #.......     90%         3    N/A
 Mephitic Cloud           Conj/Pois/Air  #.......     90%         3    N/A
 Static Discharge         Conj/Air       #.......     90%         3    N/A
 Vampiric Draining        Necr           #.........   90%         3    N/A
 Airstrike                Air            #.........   100%        4    N/A
 Animate Dead             Necr           N/A          100%        4    N/A
 Olgreb's Toxic Radiance  Pois           #.......     100%        4    N/A
 Irradiate                Conj/Tmut      #.........   100%        5    N/A
 Lightning Bolt           Conj/Air       #.........   100%        5    N/A
 Venom Bolt               Conj/Pois      #.........   100%        5    N/A
 Freezing Cloud           Conj/Ice/Air   #.........   100%        6    N/A
 Ring of Flames           Chrm/Fire      #.........   100%        7    N/A
 Ignition                 Fire           #.........   100%        8    N/A
 Shatter                  Erth           #.........   100%        9    N/A
 Tornado                  Air            #.........   100%        9    N/A
 Regeneration             Chrm/Necr      Unusable     N/A         3    N/A
 Hydra Form               Tmut           Unusable     N/A         6    N/A
 Statue Form              Tmut/Erth      Unusable     N/A         6    N/A
 Dragon Form              Tmut           Unusable     N/A         7    N/A

Dungeon Overview and Level Annotations

Branches:
Dungeon (11/15)            Temple (1/1) D:7            Lair (6/6) D:9
 Shoals (0/4) Lair:4        Snake (0/4) Lair:3        Slime (0/5) Lair:5
    Orc (0/2) D:10

Altars:
Ashenzari
Elyvilon
Gozag
Kikubaaqudgha
Makhleb
Nemelex Xobeh
Ru
Sif Muna
Uskayaw
Vehumet
Wu Jian
Xom
Yredelemnul
Zin
The Shining One

Shops:
D:6 [   D:8 *   D:9 [

Annotations:
Lair:2 exclusion: downstairs


Innate Abilities, Weirdness & Mutations

You do not eat or drink.
Your flesh is vulnerable to fire.
You are immune to poison.
Your flesh is cold resistant. (rC+)
You are immune to negative energy. (rN+++)
You are immune to unholy pain and torment.
You can survive without breathing.
You are in touch with the powers of death.


Message History

* * * LOW HITPOINT WARNING * * *
[a] - 456 gold - heal wounds, haste and agility [b] - 462 gold - resistance, invisibility and agility [c] - 352 gold - heal wounds, curing and magic Purchase which effect?
You feel much better.
You feel better. Magic courses through your body.
Evoke which item? (* to show all) (? for menu, Esc to quit)
Aiming: Phantom Mirror
Press: ? - help, Dir - move target cursor, f/p - fire dragon
Aim: a fire dragon (moderately wounded, covered in acid)
You reflect the fire dragon with the mirror, and the mirror shatters!
Your fire dragon bites the fire dragon!
Your fire dragon barely misses the fire dragon.
Your fire dragon tramples the fire dragon.
The fire dragon is shoved backwards!
The fire dragon breathes flames at you. The blast of flame hits you!
The fire burns you terribly!
Ouch! That really hurt!
You die...
Your body crumbles into a pile of gold.

........#≈≈.##$%$$##§§##.##8#.# #
.....)##≈≈≈§#):..$$#§§#......# #
##........≈≈#......#≈#......#.# #
##.......#≈#......#≈≈......# #
##......#≈#......#≈§......#
#8.....##§##....##§§#.....## #
##....##≈≈≈##'(##≈§§#......###
###8#8.####≈§§§.D≈≈≈≈#.........##
.#####.≈≈####§§.@D≈.............#
.# ##≈≈≈###.§§§.≈...........####
## #§≈§≈##.............§.#### ##
# §≈#§§≈§.§........≈≈≈§## ###. #
≈§#####§§§≈.....§≈≈≈### ###...
≈§# ##§≈≈§≈..§≈≈### ##..... ####
##8#≈≈§≈≈≈≈§# #......
###############8#8###§§# ##......
..PP#.#.#.######### ≈≈###.......


You could see a fire dragon and a friendly fire dragon.

Vanquished Creatures
  3 hydras
  A catoblepas (Lair:5)
  A two-headed ogre (D:8)
  2 death yaks (Lair:5)
  7 elephants
  4 black mambas
  2 molten gargoyles (Lair:6)
  2 torpor snails
  4 spiny frogs
  A rime drake (Lair:4)
  12 komodo dragons
  2 slime creatures (Lair:5)
  A merfolk (Lair:4)
  15 blink frogs
  10 hippogriffs
  A vampire (D:10)
  A shadow (D:11)
  7 wyverns
  A human (D:8)
  7 basilisks
  4 hogs (D:8)
  45 yaks
  A steam dragon (Lair:6)
  3 hungry ghosts
  Menkaure (D:7)
  6 nagas
  3 hell hounds (Lair:6)
  18 water moccasins
  13 porcupines
  An ice beast (D:10)
  12 orc warriors
  3 phantoms
  A black bear (D:9)
  4 sky beasts
  An eye of draining (D:11)
  11 wolves
  6 centaurs
  An ogre (D:4)
  7 crocodiles
  2 big kobolds
  11 bullfrogs
  2 wyvern skeletons
  5 scorpions
  5 wights (D:10)
  A howler monkey (D:8)
  5 electric eels
  5 crimson imps
  4 hounds
  5 lava snakes (Lair:6)
  A quasit (D:5)
  A bullfrog zombie (D:5)
  9 orc priests
  Crazy Yiuf (D:6)
  4 jellies
  3 bullfrog skeletons (D:9)
  3 iguanas
  12 orc wizards
  9 worker ants
  6 hell rats (Lair:4)
  6 ogre zombies (D:10)
  A hound skeleton (D:9)
  4 adders
  A howler monkey skeleton (D:8)
  2 shadow imps (D:6)
  2 oozes
  An adder zombie (D:9)
  An adder skeleton (D:6)
  2 worms
  3 dart slugs
  3 leopard geckos
  54 orcs
  4 giant cockroaches
  14 goblins
  9 hobgoblins
  4 quokkas
  2 ball pythons (Sewer)
  9 bats
  8 frilled lizards
  A goblin skeleton (D:10)
  2 goblin zombies (D:10)
  A jackal skeleton (D:4)
  30 kobolds
  2 orc skeletons (D:10)
  14 orc zombies (D:10)
  A quokka zombie (D:9)
  11 rats
  A spectral orc (D:7)
  A plant (Lair:3)
513 creatures vanquished.

Vanquished Creatures (collateral kills)
  10 orcs (Bailey)
10 creatures vanquished.

Vanquished Creatures (others)
  3 centaurs (Bailey)
  A quokka (D:3)
  A bush (Lair:5)
  30 fungi
  15 plants
50 creatures vanquished.

Grand Total: 573 creatures vanquished

Notes
Turn   | Place    | Note
-------+----------+-------------------------------------------
     0 | D:1      | grindst0ne the Mummy Gladiator began the quest for the Orb.
     0 | D:1      | Reached XP level 1. HP: 16/16 MP: 1/1
     0 | D:1      | Noticed a minotaur skeleton
    86 | D:1      | Reached XP level 2. HP: 9/23 MP: 2/2
   755 | D:1      | Reached XP level 3. HP: 22/28 MP: 3/3
  1182 | D:2      | Reached skill level 3 in Fighting
  1563 | D:3      | Noticed a centaur
  1570 | D:3      | Killed a centaur
  1570 | D:3      | Reached XP level 4. HP: 24/37 MP: 4/4
  1729 | D:3      | Reached XP level 5. HP: 42/42 MP: 5/5
  1818 | D:3      | Found a glowing golden altar of the Shining One.
  2029 | D:3      | Reached skill level 4 in Fighting
  2034 | D:3      | Found a white marble altar of Elyvilon.
  2676 | D:4      | Noticed an ogre
  2679 | D:4      | Reached XP level 6. HP: 47/49 MP: 6/6
  2743 | D:5      | Entered Level 5 of the Dungeon
  2794 | D:5      | Reached skill level 5 in Fighting
  2798 | D:5      | HP: 1/51 [orc/mace (6)]
  3003 | D:5      | Found a glowing drain.
  3029 | Sewer    | Entered a sewer
  3548 | D:5      | Reached skill level 5 in Staves
  3548 | D:5      | Reached XP level 7. HP: 39/56 MP: 7/7
  3955 | D:6      | Reached skill level 6 in Fighting
  4600 | D:5      | Found an ornate altar of the Wu Jian Council.
  4902 | D:4      | Reached skill level 7 in Fighting
  4903 | D:4      | Found a shattered altar of Ashenzari.
  5214 | D:4      | Found a sparkling altar of Nemelex Xobeh.
  5376 | D:4      | Found a radiant altar of Vehumet.
  5677 | D:6      | Reached skill level 8 in Fighting
  5677 | D:6      | Reached XP level 8. HP: 27/68 MP: 2/8
  6418 | D:6      | Found a runed door.
  6482 | D:6      | Found Kaolaxtu's Armour Boutique.
  6672 | D:6      | Noticed Crazy Yiuf
  6690 | D:6      | Killed Crazy Yiuf
  6690 | D:6      | Reached skill level 9 in Fighting
  6982 | D:7      | Found a basalt altar of Yredelemnul.
  7211 | D:7      | Noticed Menkaure
  7217 | D:7      | Killed Menkaure
  7335 | D:7      | Found a staircase to the Ecumenical Temple.
  7411 | Temple   | Entered the Ecumenical Temple
  7417 | Temple   | Became a worshipper of Gozag Ym Sagoz the Greedy
  7492 | D:8      | Reached skill level 10 in Fighting
  7866 | D:8      | Noticed a two-headed ogre
  7909 | D:8      | Noticed a hippogriff
  7924 | D:8      | Killed a hippogriff
  7924 | D:8      | Reached XP level 9. HP: 28/79 MP: 4/9
  8017 | D:8      | Reached skill level 11 in Fighting
  8021 | D:8      | Reached skill level 1 in Armour
  8227 | D:8      | Killed a two-headed ogre
  8227 | D:8      | Reached skill level 5 in Armour
  8606 | D:8      | Reached XP level 10. HP: 84/87 MP: 10/10
  8658 | D:8      | Found Cepeis's General Store.
 10040 | D:9      | Found Keuxas's Antique Armour Emporium.
 10048 | D:9      | Bought a pair of embroidered gloves for 157 gold pieces
 10335 | D:9      | Found a staircase to the Lair.
 10491 | D:9      | Found a burning altar of Makhleb.
 10496 | D:9      | Found an ancient bone altar of Kikubaaqudgha.
 10496 | D:9      | Found a deep blue altar of Sif Muna.
 10496 | D:9      | Found a glowing silver altar of Zin.
 10500 | D:9      | Found a hide-covered altar of Uskayaw.
 10558 | D:10     | Entered Level 10 of the Dungeon
 10769 | D:10     | Found a staircase to the Orcish Mines.
 10957 | D:10     | Found a flagged portal.
 10963 | Bailey   | Entered a bailey
 13552 | D:10     | Reached XP level 11. HP: 92/93 MP: 11/11
 13753 | D:8      | Bought the amulet "Hughuoh" {Faith *Contam MR+++ Str+3
                  | Slay+3} for 1144 gold pieces
 13850 | D:10     | Reached skill level 10 in Armour
 14321 | D:10     | Got a dazzling leather armour
 14332 | D:10     | Identified the cursed +0 leather armour of the Undertaker
                  | {rCorr Dex+4} (You found it on level 10 of the Dungeon)
 15075 | D:11     | Reached skill level 12 in Fighting
 15515 | Lair:1   | Entered Level 1 of the Lair of Beasts
 16133 | Lair:1   | Reached skill level 13 in Fighting
 17001 | Lair:2   | Reached skill level 14 in Fighting
 17482 | Lair:2   | Reached skill level 15 in Fighting
 18412 | Lair:2   | Identified a scroll of acquirement
 18805 | Lair:2   | Reached skill level 16 in Fighting
 19215 | Lair:2   | Reached XP level 12. HP: 40/111 MP: 12/12
 19709 | Lair:3   | Reached skill level 5 in Dodging
 20048 | Lair:3   | Reached skill level 1 in Shields
 20330 | Lair:3   | Found a staircase to the Snake Pit.
 20618 | D:9      | Bought a glowing shield for 157 gold pieces
 20919 | Lair:4   | Reached skill level 1 in Maces & Flails
 21149 | Lair:4   | Reached skill level 5 in Shields
 21211 | Lair:4   | Found a staircase to the Shoals.
 21597 | Lair:4   | Found a hide-covered altar of Uskayaw.
 21665 | Lair:4   | You fall through a shaft for 2 floors!
 21665 | Lair:6   | Entered Level 6 of the Lair of Beasts
 21931 | Lair:5   | Noticed a death yak
 21970 | Lair:5   | Noticed a catoblepas
 21985 | Lair:5   | Killed a catoblepas
 22810 | Lair:5   | Found a staircase to the Slime Pits.
 22911 | Lair:5   | Noticed a six-headed hydra
 22919 | Lair:5   | Killed a six-headed hydra
 22919 | Lair:5   | Gained mutation: You are in touch with the powers of death.
                  | [Mummy growth]
 22919 | Lair:5   | Reached XP level 13. HP: 79/117 MP: 13/13
 23174 | Lair:5   | Reached skill level 10 in Shields
 23832 | Lair:5   | Reached skill level 5 in Maces & Flails
 24788 | Lair:6   | Reached skill level 1 in Evocations
 25459 | Lair:6   | Noticed a fire dragon
 25470 | Lair:6   | Found a large runed door.
 25470 | Lair:6   | Found a large runed door.
 25986 | Lair:6   | Killed from afar by a fire dragon

Vault maps used:
D:1:      shiori_arrival_whats_in_store_for_you
D:2:      first_ration
D:3:      tso_altar, elyvilon_altar_4
D:4:      kennysheep_little_box, grunt_temple_overflow_open,
          minmay_misc_feat_roman
D:5:      nicolae_overflow_crystal_walls, cheibrodos_sewer_entry_drain
D:6:      serial_glass, glass_columns_a, glass_columns_c, serial_shops,
          kennysheep_mini, uniq_crazy_yiuf_cottage
D:7:      yredelemnul_forgotten_temple_becter, minmay_temple_entry_butterflies,
          uniq_menkaure
D:8:      serial_shops, shop_statue, grunt_livestock
D:9:      minitemple, dpeg_oklobed_lair, serial_shops, shop_fountains
D:10:     zombieorc1_lemuel, enter_bailey_3, minmay_variable_closet
D:11:     nicolae_shop_scaring_up_business, eino_tiny_chamber,
          serial_bayou_lake_a
Temple:   eino_wide_crystal_templ
Lair:2:   minivault_25, beast_lair_carwin_6
Lair:3:   minmay_snake_entry_guardpost_medium, disabler_island
Lair:4:   elwin_shoals_entry_rooms, basic_altar, serial_bayou_shore_a
Lair:5:   minmay_slime_entry_pillars, beast_lair_carwin_4,
          infiniplex_staircase_pool, grunt_megastairs_2
Lair:6:   cheibrodos_lair_end_hotspot, uniq_nessos
Sewer:    kennysheep_pipe_town
Bailey:   bailey_polearm_flooded_kennysheep, bailey

Skill      XL: |  1  2  3  4  5  6  7  8  9 10 11 12 13 |
---------------+----------------------------------------+-----
Staves         | 3 4 5 |  5.0
Fighting       | 3 4 5 8 10 11 16 | 16.0
Armour         | 6 9 10 | 10.0
Dodging        | 3 5 |  5.0
Shields        | 9 12 | 12.0
Maces & Flails | 4 6 |  6.4
Evocations     | 2 |  2.7
Throwing       | |  1.5

Action                   |  1- 3 |  4- 6 |  7- 9 | 10-12 | 13-15 || total
-------------------------+-------+-------+-------+-------+-------++-------
Melee: Quarterstaff      |   135 |   161 |   178 |   677 |       ||  1151
       Dagger            |       |    69 |   101 |   215 |       ||   385
       Eveningstar       |       |       |       |   247 |   305 ||   552
Throw: Throwing net      |       |       |     1 |       |     3 ||     4
Invok: Potion Petition   |       |       |       |     3 |     2 ||     5
Evoke: Wand              |       |     1 |     9 |    30 |    11 ||    51
       Phantom mirror    |       |       |       |       |     1 ||     1
  Use: Scroll            |       |     6 |     4 |    11 |       ||    21
 Stab: Distracted        |       |       |     1 |     8 |     3 ||    12
       Paralysed         |       |       |       |    11 |       ||    11
       Confused          |       |       |       |     6 |       ||     6
       Sleeping          |       |       |       |     2 |       ||     2
       Petrified         |       |       |       |     1 |       ||     1
       Petrifying        |       |       |       |     2 |       ||     2
Armor: Leather armour    |    46 |    16 |       |   416 |    66 ||   544
       Ring mail         |     6 |   113 |    86 |     7 |       ||   212
Dodge: Dodged            |   100 |   224 |   154 |   671 |   146 ||  1295
Block: Shield            |       |       |       |   193 |   257 ||   450

Table legend:
 A = Non-vault XP
 B = Vault XP
 C = Vault XP percentage of total XP
 D = Non-vault monster count
 E = Vault monster count
 F = Vault count percentage of total count
                 A         B        C        D         E       F
            +---------+---------+-------+---------+---------+-------
      Total |   44127 |   14674 |  25.0 |     369 |     153 |  29.3
            +---------+---------+-------+---------+---------+-------
        D:1 |      45 |       0 |   0.0 |      26 |       0 |   0.0
        D:2 |      28 |       0 |   0.0 |      14 |       0 |   0.0
        D:3 |     177 |       0 |   0.0 |      19 |       0 |   0.0
        D:4 |     393 |       0 |   0.0 |      15 |       0 |   0.0
        D:5 |     300 |       2 |   0.7 |      12 |       2 |  14.3
        D:6 |     794 |      42 |   5.0 |      27 |       1 |   3.6
        D:7 |     241 |     173 |  41.8 |       4 |       2 |  33.3
        D:8 |    3336 |     969 |  22.5 |      47 |       5 |   9.6
        D:9 |     760 |       0 |   0.0 |      22 |       0 |   0.0
       D:10 |    1831 |     723 |  28.3 |      24 |      33 |  57.9
       D:11 |     694 |       0 |   0.0 |       9 |       0 |   0.0
     Lair:1 |    2741 |     336 |  10.9 |      14 |       2 |  12.5
     Lair:2 |    4522 |     929 |  17.0 |      21 |       6 |  22.2
     Lair:3 |    3363 |     948 |  22.0 |      20 |       8 |  28.6
     Lair:4 |    4989 |     278 |   5.3 |      31 |       1 |   3.1
     Lair:5 |    7407 |    2549 |  25.6 |      23 |      12 |  34.3
     Lair:6 |   12506 |    5575 |  30.8 |      41 |      21 |  33.9
      Sewer |       0 |     121 | 100.0 |       0 |      24 | 100.0
     Bailey |       0 |    2029 | 100.0 |       0 |      36 | 100.0
            +---------+---------+-------+---------+---------+-------
